 Dungeon Crawl Stone Soup version 0.26-a0-952-g76694b35de (webtiles) character file.

Game seed: 7373852321666575642

147 dolemite99 the Skirmisher (level 5, 0/51 HPs)
             Began as a Minotaur Hunter on Nov 29, 2020.
             Was an Initiate of Gozag.
             Slain by a lemure (7 damage)
             ... led by Pikel
             ... on level 5 of the Dungeon.
             The game lasted 00:04:27 (3043 turns).

dolemite99 the Skirmisher (Minotaur Hunter)         Turns: 3043, Time: 00:04:27

Health: 0/51       AC: 10    Str: 18    XL:     5   Next: 8%
Magic:  4/4        EV:  5    Int:  8    God:    Gozag
Gold:   274        SH:  0    Dex: 10    Spells: 4/4 levels left

rFire    + . .     SeeInvis .   h - +0 spear
rCold    + . .     Faith    .   (no shield)
rNeg     . . .     Spirit   .   f - +0 plate armour
rPois    .         Reflect  .   (helmet restricted)
rElec    .         Harm     .   n - scarf {rC+ rF+}
rCorr    .         Rampage  .   (no gloves)
MR       .....                  (no boots)
Stlth    ..........             (no amulet)
HPRegen  0.17/turn              (no ring)
MPRegen  0.09/turn              (no ring)

@: no status effects
A: retaliatory headbutt, horns 2
a: Potion Petition, Call Merchant, Bribe Branch, Renounce Religion


You were on level 5 of the Dungeon.
You worshipped Gozag.
Gozag was aware of your devotion.
You visited 1 branch of the dungeon, and saw 5 of its levels.

You collected 300 gold pieces.
You paid 26 gold pieces to Gozag.

Inventory:

Hand Weapons
 a - a +1 shortbow
 b - a +0 short sword
 h - a +0 spear (weapon)
 j - a +0 hunting sling
 v - a +3 whip
Missiles
 d - 20 arrows
 e - 124 stones (quivered)
 k - 21 bolts
 m - 47 poisoned darts
 u - 30 sling bullets
Armour
 c - a +0 leather armour
 f - a +0 plate armour (worn)
 n - a scarf of resistance (worn)
 p - a cursed +0 buckler
Scrolls
 o - a scroll of teleportation {unknown}
 s - a scroll of magic mapping {unknown}
 w - a scroll of enchant armour {unknown}
Potions
 g - 5 potions of curing
 i - 2 potions of mutation {unknown}
 l - 4 potions of heal wounds
 q - 2 potions of haste {unknown}
 r - 3 potions of flight
 t - a potion of attraction {unknown}
 x - a potion of brilliance {unknown}


   Skills:
 + Level 6.4 Fighting
 - Level 4.3 Bows
 - Level 2.1 Dodging
 - Level 0.7 Stealth


You had 4 spell levels left.
You didn't know any spells.
Your spell library contained the following spells:

 Spells                   Type           Power        Failure   Level
 Confusing Touch          Hex            #.......     100%        3
 Gell's Gravitas          Tloc           #.........   100%        3
 Petrify                  Tmut/Erth      #.......     100%        4
 Metabolic Englaciation   Hex/Ice        #.........   100%        5
 Yara's Violent Unravell  Hex/Tmut       #.........   100%        5


Dungeon Overview and Level Annotations

Branches:
Dungeon (6/15)
 Temple: D:4-7

Altars:
Gozag


Innate Abilities, Weirdness & Mutations

You reflexively headbutt those who attack you in melee.
You have a pair of horns on your head.


Message History

You miss the lemure. Your headbutt misses the lemure.
The lemure is almost dead.
The lemure completely misses you.
You hit the lemure. You headbutt the lemure.
You kill the lemure!
That felt strangely unrewarding.
The lemure hits you.
You closely miss the lemure. The lemure hits you but does no damage.
You hit the lemure. Your headbutt misses the lemure.
The lemure is lightly wounded.
The lemure hits you.
* * * LOW HITPOINT WARNING * * *
You hit the lemure.
The lemure is moderately wounded.
The lemure hits you!
* * * LOW HITPOINT WARNING * * *
You barely miss the lemure.
The lemure is moderately wounded.
The lemure hits you!
You die...
Your body crumbles into a pile of gold.

######### ......).#
#######.#### #..........#
..#........# #...##.#.#.#
#####.###..##############
# #.## ##.....5@.......#
# ##.###..######.#####.#
##.#.#.# #.# #.# ##.##.#
#.# #.# ##########)# #.#
#.# ........>#.# #.# #.#
.#######.#.# #.# #.#
#.#.# #.# #.# #.#.# #.#
#.#


You could see a lemure.

Vanquished Creatures
  A lemure (D:5)
  A hound (D:5)
  An orc wizard (D:3)
  An adder (D:2)
  An ooze (D:2)
  2 worms (D:2)
  3 dart slugs
  7 orcs
  2 giant cockroaches
  5 goblins (D:1)
  7 hobgoblins
  6 jackals
  8 bats
  2 frilled lizards (D:1)
  5 kobolds
  8 rats
60 creatures vanquished.

Vanquished Creatures (others)
  9 plants (D:3)
9 creatures vanquished.

Grand Total: 69 creatures vanquished

Notes
Turn   | Place    | Note
-------+----------+-------------------------------------------
     0 | D:1      | dolemite99 the Minotaur Hunter began the quest for the Orb.
     0 | D:1      | Reached XP level 1. HP: 18/18 MP: 0/0
   188 | D:1      | Reached skill level 3 in Fighting
   343 | D:1      | Reached XP level 2. HP: 20/26 MP: 1/1
   826 | D:1      | Reached skill level 4 in Fighting
   895 | D:1      | Reached XP level 3. HP: 34/34 MP: 2/2
  1490 | D:2      | Found an opulent altar of Gozag.
  1504 | D:2      | Became a worshipper of Gozag Ym Sagoz the Greedy
  1653 | D:2      | Reached skill level 5 in Fighting
  1907 | D:2      | Reached XP level 4. HP: 42/42 MP: 3/3
  2470 | D:3      | Reached skill level 6 in Fighting
  2829 | D:3      | You fall into a shaft and drop 3 floors!
  2832 | D:5      | Entered Level 5 of the Dungeon
  2964 | D:5      | Reached XP level 5. HP: 51/51 MP: 4/4
  2990 | D:5      | Noticed a lemure
  2992 | D:5      | Noticed a lemure
  3039 | D:5      | Killed a lemure
  3043 | D:5      | Slain by a lemure

Illustrated notes

Levels and vault maps discovered:
D:1:      dpeg_arrival_signposts, layout_loops_ring, minmay_octomino_c4
D:2:      layout_loops_ring, grunt_gozag_statues
D:3:      minmay_octagon_keep, layout_rooms, nicolae_dithmenos_shadow_blocks,
          serial_bayou, serial_bayou_pond_c, serial_bayou_pond_e,
          serial_bayou_shore_b, serial_bayou_pond_a, serial_bayou_pond_e,
          serial_bayou_pond_e
D:5:      layout_loops_ring, nicolae_overflow_hidden_temple,
          minmay_temple_entry_from_below_b, uniq_pikel, uniq_eustachio
D:6:      gammafunk_cloud_chamber, layout_gridville,
          grunt_temple_overflow_champion_of_chaos, uniq_sigmund

Skill      XL: |  1  2  3  4 |
---------------+-------------+-----
Fighting       | 3 4 5 6 |  6.4
Bows           | |  4.3
Dodging        | |  2.1
Stealth        | |  0.7

Action                   |  1- 3 |  4- 6 || total
-------------------------+-------+-------++-------
Melee: Spear             |   127 |    99 ||   226
       Headbutt          |    14 |    11 ||    25
 Fire: Shortbow          |     5 |       ||     5
Throw: Stone             |    25 |    18 ||    43
  Use: Scroll            |       |     4 ||     4
 Stab: Distracted        |       |     1 ||     1
Armor: Plate armour      |    94 |    58 ||   152
Dodge: Dodged            |    19 |    22 ||    41

Table legend: (Time is in decaauts)
 A = Elapsed time spent in this place.
 B = Non-inter-level travel time spent in this place.
 C = Inter-level travel time spent in this place.
 D = Time resting spent in this place.
 E = Time spent auto-exploring this place.
 F = Levels seen in this place.
 G = Mean time per level.
                   A        B        C        D        E       F      G
               +--------+--------+--------+--------+--------+-----+--------+
         Total |   3068 |   2951 |    117 |    702 |   1398 |   5 |  613.6 |
       Dungeon |   3068 |   2951 |    117 |    702 |   1398 |   5 |  613.6 |
               +--------+--------+--------+--------+--------+-----+--------+

Top non-repeatable levels by time:
     D:1: 1354 daAuts
     D:2: 846 daAuts
     D:3: 650 daAuts
     D:5: 214 daAuts
     D:6: 2 daAuts
